 Dungeon Crawl Stone Soup version 0.31-a0-851-g7ff8af7976 (webtiles) character file.

Game seed: 1594996058567920616

289 croobank the Sneak (level 6, 0/38 HPs)
             Began as an Octopode Ice Elementalist on Oct 7, 2023.
             Slain by a phantom (7 damage)
             ... on level 4 of the Dungeon.
             The game lasted 00:08:12 (3735 turns).

croobank the Sneak (Octopode Ice Elementalist)      Turns: 3735, Time: 00:08:13

Health: 0/38       AC:  1    Str:  7    XL:     6   Next: 31%
Magic:  14/19      EV: 20    Int: 19    God:
Gold:   190        SH:  0    Dex: 19    Spells: 4/11 levels left

rFire   . . .        b - +0 dagger
rCold   . . .        (no shield)
rNeg    . . .        (helmet restricted)
rPois   .            (no amulet)
rElec   .            d - ring of resist corrosion
rCorr   +            j - ring of magical power
SInv    .            n - +5 ring of evasion
Will    .....        v - +6 ring of dexterity
Stlth   ++++         (no ring)
HPRegen 0.26/turn    (no ring)
MPRegen 0.16/turn    (no ring)
                     (no ring)

%: no passive effects
@: no status effects
A: almost no armour, amphibious, 8 rings, camouflage 1, gelatinous body 1,
(nimble swimmer 1), tentacles
a: no special abilities


You were on level 4 of the Dungeon.
You visited 1 branch of the dungeon, and saw 4 of its levels.

You collected 190 gold pieces.

Inventory:

Hand Weapons
 b - a +0 dagger (weapon)
 x - a +3 whip
 y - a +1 flail of pain
Missiles
 k - 3 curare-tipped darts (quivered)
 s - 3 poisoned darts
Armour
 w - a +0 buckler
Jewellery
 d - a ring of resist corrosion (left tentacle)
 j - a ring of magical power (right tentacle)
 n - a +5 ring of evasion (on tentacle)
 u - a ring of fire
 v - a +6 ring of dexterity (on tentacle)
Talismans
 c - a blade talisman
Wands
 p - a wand of flame (10)
Scrolls
 f - a scroll of blinking {unknown}
 h - 2 scrolls of identify
 l - a scroll of brand weapon {unknown}
 o - a scroll of fear {unknown}
 r - 3 scrolls of teleportation
 t - a scroll of revelation {unknown}
Potions
 a - 2 potions of magic
 e - a potion of brilliance
 g - 2 potions of curing {unknown}
 i - a potion of heal wounds {unknown}
 m - a potion of resistance {unknown}
 q - a potion of haste {unknown}
 z - a potion of might {unknown}


   Skills:
 * Level 1.0 Fighting
 + Level 3.5 Dodging
 + Level 5.0 Stealth
 + Level 0.4 Shields
 + Level 3.3 Spellcasting
 + Level 4.9 Ice Magic


You had 4 spell levels left.
You knew the following spells:

 Your Spells              Type           Power      Damage    Failure   Level
a - Freeze                Ice            88%        1d9       1%          1
b - Frozen Ramparts       Ice            44%        1d7       6%          3
c - Ozocubu's Armour      Ice            22%        N/A       6%          3

Your spell library contained the following spells:

 Spells                   Type           Power      Damage    Failure   Level
 Slow                     Hex            12%        N/A       16%         1
 Sting                    Tmut/Pois      12%        1d3       16%         1
 Poisonous Vapours        Pois/Air       6%         N/A       22%         2
 Confusing Touch          Hex            3%         N/A       41%         3
 Dazzling Flash           Conj/Hex       6%         N/A       41%         3
 Sigil of Binding         Hex            3%         N/A       41%         3
 Vampiric Draining        Necr           3%         2d6       41%         3
 Volatile Blastmotes      Fire/Tloc      6%         2d10      41%         3
 Summon Ice Beast         Ice/Summ       12%        N/A       47%         4
 Olgreb's Toxic Radiance  Pois           3%         N/A       83%         4
 Starburst                Conj/Fire      1%         6d3       100%        6
 Maxwell's Capacitive Co  Air            1%         ∞         100%        8


Dungeon Overview and Level Annotations

Branches:
Dungeon (4/15)
 Temple: D:4-7

Altars:
Ashenzari
Qazlal
Uskayaw

Annotations:
D:4 2 transporters


Innate Abilities, Weirdness & Mutations

You cannot wear most types of armour.
You are amphibious.
You can wear up to eight rings at the same time.
Your skin changes colour to match your surroundings (Stealth+).
Your rubbery body absorbs attacks. (AC +1, EV +1)
((You are camouflaged when in or above water. (Stealth+)))
You have tentacles for arms and can constrict up to eight enemies at once.


Message History

The phantom is moderately damaged.
The phantom hits you.
The phantom blinks!
You blink.
You hit the phantom but do no damage.
The phantom is moderately damaged.
The phantom hits you.
The phantom blinks!
You blink.
You are too injured to fight recklessly!
You are too injured to fight recklessly!
You are too injured to fight recklessly!
You hit the phantom.
The phantom is moderately damaged.
The phantom barely misses you.
You hit the phantom but do no damage. Your squeeze misses the phantom.
The phantom is moderately damaged.
The phantom completely misses you.
You closely miss the phantom. You squeeze the phantom!
The phantom is severely damaged.
The phantom closely misses you.
You barely miss the phantom.
You squeeze the phantom, but do no damage.
The phantom is severely damaged.
The phantom hits you.
You barely miss the phantom.
The phantom is severely damaged.
The phantom hits you.
You hit the phantom. Your squeeze misses the phantom.
The phantom is almost destroyed.
The phantom hits you!
* * * LOW HITPOINT WARNING * * *
The phantom blinks!
You blink.
Casting: Ozocubu's Armour (dangerous; 6% risk of failure)
Confirm with . or Enter, or press ? or * to list all spells.
Aiming: Freeze (safe; 1% risk of failure)
Press: ? - help, Shift-Dir - straight line, f - phantom
Aim: a phantom (almost destroyed)
You freeze the phantom but do no damage.
The phantom completely resists.
The phantom misses you.
You hit the phantom.
Your tentacle-slap misses the phantom.
The phantom is almost destroyed.
The phantom hits you!
You die...

####.# #.# #.... #.#
#.# ##).# #.# #.# #...
#.# #.#### #... #.#
#.(.. ##.# #.######..#
###.#
####.#...##..#.###...#
#.....###....#........
#.##W@# #.#######.....
#.##..###...§#......)#
#.##.#....##.#.###....
#.##.......$.#......#.
#.#####.#.##...####...
#.# #.#.# #### ###.
#.#####.#.# #.
#....§....# ##
#####.?.###


You could see a phantom.

Vanquished Creatures
  A scorpion (D:3)
  A jelly (D:3)
  3 adders
  7 gnolls (D:4)
  2 ufetubi (D:4)
  A worm (D:2)
  4 dart slugs
  7 endoplasms
  4 giant cockroaches (D:1)
  7 hobgoblins
  5 jackals (D:1)
  4 quokkas
  8 ball pythons
  6 bats
  4 frilled lizards
  13 goblins
  5 kobolds
  3 rats
85 creatures vanquished.

Notes
Turn   | Place    | Note
-------+----------+-------------------------------------------
     0 | D:1      | croobank the Octopode Ice Elementalist began the quest for
                  | the Orb.
     0 | D:1      | Reached XP level 1. HP: 11/11 MP: 3/3
   102 | D:1      | Reached skill level 3 in Stealth
   102 | D:1      | Reached XP level 2. HP: 17/17 MP: 5/5
   281 | D:1      | Reached XP level 3. HP: 21/21 MP: 4/6
   860 | D:2      | Learned a level 3 spell: Frozen Ramparts
   927 | D:2      | Reached XP level 4. HP: 6/27 MP: 3/7
   941 | D:2      | Learned a level 3 spell: Ozocubu's Armour
  1498 | D:2      | Reached skill level 4 in Stealth
  2003 | D:3      | Reached XP level 5. HP: 31/31 MP: 9/9
  3010 | D:4      | Found a hide-covered altar of Uskayaw.
  3010 | D:4      | Found a stormy altar of Qazlal.
  3010 | D:4      | Found a broken altar of Ashenzari.
  3012 | D:4      | Noticed a yak
  3014 | D:4      | Found a transporter.
  3018 | D:4      | Noticed a sky beast
  3024 | D:4      | Found a transporter.
  3208 | D:4      | Reached XP level 6. HP: 10/37 MP: 10/10
  3497 | D:4      | Reached skill level 5 in Stealth
  3507 | D:4      | Reached skill level 1 in Fighting
  3735 | D:4      | Slain by a phantom

Illustrated notes

Levels and vault maps discovered:
D:1:      dpeg_arrival_renting, layout_loops_ring
D:2:      layout_basic, minmay_close_crescents
D:3:      layout_basic, chequers_jeans, kennysheep_generic_room_4
D:4:      layout_loops_ring, gammafunk_temple_overflow_arena

Skill      XL: |  1  2  3  4  5  6 |
---------------+-------------------+-----
Stealth        | 3 4 5 |  5.0
Dodging        | 3 |  3.5
Spellcasting   | 3 |  3.3
Fighting       | 1 |  1.0
Shields        | |  0.4
Ice Magic      | |  4.9

Action                     |  1- 3 |  4- 6 || total
---------------------------+-------+-------++-------
  Melee: Unarmed           |     7 |       ||     7
         Dagger            |    48 |    64 ||   112
         Constrict         |    18 |    15 ||    33
         Tentacles         |    12 |    13 ||    25
         Punch             |       |     2 ||     2
         Whip              |       |     6 ||     6
  Throw: Dart              |       |     2 ||     2
   Cast: Freeze            |    12 |     6 ||    18
         Frozen Ramparts   |     2 |    13 ||    15
         Ozocubu's Armour  |       |     9 ||     9
    Use: Scroll            |     3 |     2 ||     5
   Stab: Sleeping          |     7 |    11 ||    18
 Armour: Skin              |    25 |    49 ||    74
  Dodge: Dodged            |    37 |    91 ||   128

Table legend: (Time is in decaauts)
 A = Elapsed time spent in this place.
 B = Non-inter-level travel time spent in this place.
 C = Inter-level travel time spent in this place.
 D = Time resting spent in this place.
 E = Time spent auto-exploring this place.
 F = Levels seen in this place.
 G = Mean time per level.
                   A        B        C        D        E       F      G
               +--------+--------+--------+--------+--------+-----+--------+
         Total |   3731 |   3633 |     98 |    775 |   2184 |   4 |  932.8 |
       Dungeon |   3731 |   3633 |     98 |    775 |   2184 |   4 |  932.8 |
               +--------+--------+--------+--------+--------+-----+--------+

Top non-repeatable levels by time:
     D:3: 1197 daAuts
     D:2: 935 daAuts
     D:4: 844 daAuts
     D:1: 753 daAuts
